 Dungeon Crawl Stone Soup version 0.27-a0-54-g64bdb92e38 (webtiles) character file.

Game seed: 6330772566447385953

398 lessens the Stinger (level 6, -7/44 HPs)
             Began as a Gnoll Venom Mage on Jan 7, 2021.
             Was a Follower of Nemelex Xobeh.
             Killed from afar by Dowan (19 damage)
             ... with a shard of ice
             ... on level 4 of the Dungeon.
             The game lasted 00:04:57 (3726 turns).

lessens the Stinger (Gnoll Venom Mage)              Turns: 3726, Time: 00:04:57

Health: -7/44      AC:  4    Str: 13    XL:     6   Next: 83%
Magic:  2/14       EV: 15    Int: 17    God:    Nemelex Xobeh [*.....]
Gold:   182        SH:  0    Dex: 15    Spells: 9/15 levels left

rFire    . . .     SeeInvis .   g - +2 dagger (venom)
rCold    . . .     Faith    .   (no shield)
rNeg     . . .     Spirit   .   a - +0 robe
rPois    .         Reflect  .   l - +0 helmet
rElec    .         Harm     .   (no cloak)
rCorr    .         Rampage  .   k - +0 pair of gloves
Will     .....                  (no boots)
Stlth    +.........             (no amulet)
HPRegen  0.14/turn              (no ring)
MPRegen  0.14/turn              (no ring)

@: glowing
A: distributed training, fangs 1, strong nose
a: Renounce Religion, Draw Escape, Draw Destruction, Draw Summoning


You were on level 4 of the Dungeon.
You worshipped Nemelex Xobeh.
Nemelex Xobeh was aware of your devotion.
You visited 1 branch of the dungeon, and saw 4 of its levels.

You collected 182 gold pieces.

Inventory:

Hand Weapons
 g - a +2 dagger of venom (weapon)
 t - a +2 war axe of venom
 u - a cursed -3 whip
Missiles
 e - 124 stones
 q - 7 boomerangs
Armour
 a - a +0 robe (worn)
 k - a +0 pair of gloves (worn)
 l - a +0 helmet (worn)
 s - a +2 pair of boots
Jewellery
 r - a +4 ring of evasion {unknown}
Wands
 o - a wand of iceblast (5)
Scrolls
 b - a scroll of enchant weapon {unknown}
 d - a scroll of teleportation {unknown}
 i - 2 scrolls of enchant armour {unknown}
 j - a scroll of identify {unknown}
Potions
 c - 2 potions of might {unknown}
 f - 3 potions of brilliance {unknown}
 h - a potion of magic {unknown}
 m - a potion of mutation {unknown}
 n - a potion of ambrosia {unknown}
 p - 2 potions of degeneration {unknown}


   Skills:
 + Level 2.1 Fighting
 + Level 2.1 Short Blades
 + Level 2.1 Long Blades
 + Level 2.1 Axes
 + Level 2.1 Maces & Flails
 + Level 2.1 Polearms
 + Level 2.1 Staves
 + Level 2.1 Slings
 + Level 2.1 Bows
 + Level 2.1 Crossbows
 + Level 2.1 Throwing
 + Level 2.1 Armour
 + Level 5.0 Dodging
 + Level 4.7 Stealth
 + Level 2.1 Shields
 + Level 2.1 Unarmed Combat
 + Level 5.4 Spellcasting
 + Level 1.7 Conjurations
 + Level 1.7 Hexes
 + Level 1.7 Summonings
 + Level 1.7 Necromancy
 + Level 1.7 Translocations
 + Level 2.7 Transmutations
 + Level 1.7 Fire Magic
 + Level 1.7 Ice Magic
 + Level 1.7 Air Magic
 + Level 1.7 Earth Magic
 + Level 5.7 Poison Magic
 + Level 2.3 Invocations
 + Level 2.1 Evocations


You had 9 spell levels left.
You knew the following spells:

 Your Spells              Type           Power        Failure   Level
a - Sting                 Tmut/Pois      76%          2%          1
b - Poisonous Vapours     Pois/Air       34%          4%          2
c - Ignite Poison         Fire/Tmut/Pois 16%          10%         3

Your spell library contained the following spells:

 Spells                   Type           Power        Failure   Level
 Animate Skeleton         Necr           20%          7%          1
 Pain                     Necr           40%          7%          1
 Mephitic Cloud           Conj/Pois/Air  15%          12%         3
 Olgreb's Toxic Radiance  Pois           24%          13%         4
 Vampiric Draining        Necr           5%           21%         3
 Animate Dead             Necr           5%           54%         4
 Agony                    Necr           10%          88%         5


Dungeon Overview and Level Annotations

Branches:
Dungeon (4/15)
 Temple: D:4-7

Altars:
Ashenzari
Kikubaaqudgha
Nemelex Xobeh
Ru
Xom
The Shining One

Annotations:
D:4 Dowan


Innate Abilities, Weirdness & Mutations

Your experience applies equally to all skills.
You have very sharp teeth.
Your uncanny sense of smell can sniff out nearby items.


Message History

You don't have enough magic to cast that spell.
Unknown command.
Dowan casts a spell at you. The shard of ice hits you!
Found 13 gold pieces.
You hit Dowan.
Dowan is severely wounded.
Dowan points at you and mumbles some strange words.
The stone arrow hits you!!
You completely miss Dowan.
Dowan is severely wounded.
Dowan hits you with a +1 vampiric dagger.
* * * LOW HITPOINT WARNING * * *
Dowan draws strength from your wounds!
You barely miss Dowan. You bite Dowan.
Dowan is severely wounded.
Dowan points at you and mumbles some strange words.
The shard of ice hits you!!
You die...
Your body disappears without additional glow.

....# +.........# .##.#
#.........# .##.#
#.........# ....#
#.........#
.####.##.........+
......##......)..#######
.#####.................$
.# #..................
.#####..........@e).....
.....................?..
........................
.............###########
.............#
.............###
...............#
...............#
.........[.....#


You could see Dowan (fast, poisoned).

Vanquished Creatures
  Duvessa (D:4)
  3 orc priests
  A hound (D:4)
  An orc wizard (D:3)
  A worker ant (D:3)
  3 gnolls (D:2)
  2 adders
  2 worms
  3 leopard geckos
  10 orcs
  3 ball pythons
  A giant cockroach (D:1)
  3 goblins
  4 hobgoblins
  2 jackals (D:3)
  A quokka (D:3)
  14 bats
  4 frilled lizards
  5 kobolds
  4 rats
68 creatures vanquished.

Notes
Turn   | Place    | Note
-------+----------+-------------------------------------------
     0 | D:1      | lessens the Gnoll Venom Mage began the quest for the Orb.
     0 | D:1      | Reached XP level 1. HP: 13/13 MP: 6/6
   444 | D:1      | Reached XP level 2. HP: 19/19 MP: 5/7
   796 | D:2      | Found a sparkling altar of Nemelex Xobeh.
   796 | D:2      | Found a shimmering altar of Xom.
   805 | D:2      | Found a broken altar of Ashenzari.
   808 | D:2      | Found an ancient bone altar of Kikubaaqudgha.
   808 | D:2      | Found a glowing golden altar of the Shining One.
   825 | D:2      | Became a worshipper of Nemelex Xobeh the Trickster
  1046 | D:2      | Reached skill level 5 in Spellcasting
  1046 | D:2      | Reached XP level 3. HP: 19/25 MP: 2/9
  1049 | D:2      | Learned a level 2 spell: Poisonous Vapours
  1209 | D:2      | Learned a level 3 spell: Ignite Poison
  1224 | D:2      | Reached skill level 1 in Invocations
  1266 | D:2      | Reached skill level 1 in Fighting
  1266 | D:2      | Reached skill level 1 in Short Blades
  1266 | D:2      | Reached skill level 1 in Long Blades
  1266 | D:2      | Reached skill level 1 in Axes
  1266 | D:2      | Reached skill level 1 in Maces & Flails
  1266 | D:2      | Reached skill level 1 in Polearms
  1266 | D:2      | Reached skill level 1 in Staves
  1266 | D:2      | Reached skill level 1 in Slings
  1266 | D:2      | Reached skill level 1 in Bows
  1266 | D:2      | Reached skill level 1 in Crossbows
  1266 | D:2      | Reached skill level 1 in Throwing
  1266 | D:2      | Reached skill level 1 in Armour
  1266 | D:2      | Reached skill level 1 in Shields
  1266 | D:2      | Reached skill level 1 in Unarmed Combat
  1266 | D:2      | Reached skill level 1 in Evocations
  1367 | D:2      | Reached XP level 4. HP: 32/32 MP: 9/11
  1942 | D:3      | Found a sacrificial altar of Ru.
  2066 | D:3      | Reached skill level 1 in Conjurations
  2066 | D:3      | Reached skill level 1 in Hexes
  2066 | D:3      | Reached skill level 1 in Summonings
  2066 | D:3      | Reached skill level 1 in Necromancy
  2066 | D:3      | Reached skill level 1 in Translocations
  2066 | D:3      | Reached skill level 1 in Fire Magic
  2066 | D:3      | Reached skill level 1 in Ice Magic
  2066 | D:3      | Reached skill level 1 in Air Magic
  2066 | D:3      | Reached skill level 1 in Earth Magic
  2372 | D:3      | Reached * piety under Nemelex Xobeh
  2711 | D:3      | Reached XP level 5. HP: 37/37 MP: 12/12
  2866 | D:3      | Received a gift from Nemelex Xobeh
  3438 | D:4      | Reached XP level 6. HP: 26/44 MP: 5/13
  3715 | D:4      | Noticed Dowan
  3716 | D:4      | Noticed Duvessa
  3721 | D:4      | Killed Duvessa
  3722 | D:4      | Reached skill level 5 in Dodging
  3726 | D:4      | Killed from afar by Dowan

Illustrated notes

Levels and vault maps discovered:
D:1:      lemuel_arrival_lava_pool, layout_basic
D:2:      layout_loops_cross, nemelex_xobeh_ov_fountains_minmay,
          grunt_temple_overflow_open, minivault_23, grunt_decor_clamped
D:3:      layout_basic, lemuel_doored_altar
D:4:      layout_basic, xom_redecorated, uniq_natasha, uniq_duvessa

Skill      XL: |  1  2  3  4  5  6 |
---------------+-------------------+-----
Transmutations | 2 |  2.7
Spellcasting   | 5 |  5.4
Invocations    | 1 2 |  2.3
Fighting       | 1 2 |  2.1
Short Blades   | 1 2 |  2.1
Long Blades    | 1 2 |  2.1
Axes           | 1 2 |  2.1
Maces & Flails | 1 2 |  2.1
Polearms       | 1 2 |  2.1
Staves         | 1 2 |  2.1
Slings         | 1 2 |  2.1
Bows           | 1 2 |  2.1
Crossbows      | 1 2 |  2.1
Throwing       | 1 2 |  2.1
Armour         | 1 2 |  2.1
Shields        | 1 2 |  2.1
Unarmed Combat | 1 2 |  2.1
Evocations     | 1 2 |  2.1
Conjurations   | 1 |  1.7
Hexes          | 1 |  1.7
Summonings     | 1 |  1.7
Necromancy     | 1 |  1.7
Translocations | 1 |  1.7
Fire Magic     | 1 |  1.7
Ice Magic      | 1 |  1.7
Air Magic      | 1 |  1.7
Earth Magic    | 1 |  1.7
Dodging        | 5 |  5.0
Stealth        | |  4.7
Poison Magic   | |  5.7

Action                   |  1- 3 |  4- 6 || total
-------------------------+-------+-------++-------
Melee: Unarmed           |     4 |       ||     4
       Dagger            |       |    91 ||    91
       Bite              |       |    13 ||    13
       Punch             |       |     1 ||     1
 Cast: Sting             |    43 |    11 ||    54
       Poisonous Vapours |       |    18 ||    18
       Ignite Poison     |       |     1 ||     1
 Stab: Sleeping          |       |     2 ||     2
Armor: Robe              |     2 |    10 ||    12
Dodge: Dodged            |    20 |    62 ||    82

Table legend: (Time is in decaauts)
 A = Elapsed time spent in this place.
 B = Non-inter-level travel time spent in this place.
 C = Inter-level travel time spent in this place.
 D = Time resting spent in this place.
 E = Time spent auto-exploring this place.
 F = Levels seen in this place.
 G = Mean time per level.
                   A        B        C        D        E       F      G
               +--------+--------+--------+--------+--------+-----+--------+
         Total |   3718 |   3571 |    147 |    284 |   2808 |   4 |  929.5 |
       Dungeon |   3718 |   3571 |    147 |    284 |   2808 |   4 |  929.5 |
               +--------+--------+--------+--------+--------+-----+--------+

Top non-repeatable levels by time:
     D:3: 1524 daAuts
     D:2: 1082 daAuts
     D:1: 796 daAuts
     D:4: 315 daAuts
